 Dungeon Crawl Stone Soup version 0.28-a0-1524-ge72afd5fc6 (webtiles) character file.

Game seed: 1784346673056146901

55 chunkyMonkey the Shield-Bearer (level 3, -8/31 HPs)
             Began as a Demigod Fighter on Jan 17, 2022.
             Mangled by a gnoll (9 damage)
             ... on level 2 of the Dungeon.
             The game lasted 00:02:15 (2578 turns).

chunkyMonkey the Shield-Bearer (Demigod Fighter)    Turns: 2578, Time: 00:02:16

Health: -8/31      AC:  6    Str: 21    XL:     3   Next: 45%
Magic:  6/6        EV:  9    Int: 10    God:
Gold:   64         SH:  4    Dex: 13    Spells: 3/3 levels left

rFire   . . .      SeeInvis .   a - +0 war axe
rCold   . . .      Faith    .   c - +0 buckler
rNeg    . . .      Spirit   .   b - +0 scale mail
rPois   .          Reflect  .   (no helmet)
rElec   .          Harm     .   (no cloak)
rCorr   .          Rampage  .   (no gloves)
Will    .....                   (no boots)
Stlth   ..........              (no amulet)
HPRegen 0.10/turn               (no ring)
MPRegen 0.10/turn               (no ring)

@: no status effects
A: high mp 1, forlorn, divine attributes
a: no special abilities


You were on level 2 of the Dungeon.
You visited 1 branch of the dungeon, and saw 2 of its levels.

You collected 64 gold pieces.

Inventory:

Hand Weapons
 a - a +0 war axe (weapon)
Armour
 b - a +0 scale mail (worn)
 c - a +0 buckler (worn)
Scrolls
 e - 2 scrolls of identify {unknown}
 h - a scroll of vulnerability {unknown}
 i - a scroll of enchant armour {unknown}
Potions
 d - a potion of might
 f - a potion of heal wounds {unknown}
 g - 3 potions of lignification {unknown}
 j - a potion of haste {unknown}


   Skills:
 * Level 3.0 Fighting
 * Level 2.2 Axes
 * Level 3.0 Armour
 + Level 0.7 Dodging
 * Level 3.1 Shields
 + Level 0.6 Spellcasting


You had 3 spell levels left.
You didn't know any spells.
Your spell library was empty.

Dungeon Overview and Level Annotations

Branches:
Dungeon (2/15)


Innate Abilities, Weirdness & Mutations

You have an increased reservoir of magic. (+10% MP)
You shall have no god before yourself.
Your divine heritage dramatically boosts your attributes as you level up.


Message History

The gnoll is almost dead.
The gnoll hits you with a +0 whip.
You closely miss the gnoll.
The gnoll is almost dead.
The gnoll hits you with a +0 whip. x2
* * * LOW HITPOINT WARNING * * *
You slash the gnoll!
You kill the gnoll!
Something hits you but does no damage.
There is an open door here.
There is an open door here.
There is a stone staircase leading up here.
You climb upwards.
Reactivating autopickup.
There is a stone staircase leading down here.
You start resting.
You start resting.
HP restored.
There is a stone staircase leading down here.
Autopickup is now off.
Autopickup is now on.
You climb downwards.
The gnoll hits you with a +0 whip. You block the gnoll's attack.
The gnoll barely misses you.
There is a stone staircase leading up here.
Unknown command.
You block the gnoll's attack.
You hit the gnoll but do no damage. You slash the gnoll!
The gnoll hits you with a +0 halberd! The gnoll hits you with a +0 whip.
You completely miss the gnoll. You barely miss the gnoll.
The gnoll hits you with a +0 halberd!
* * * LOW HITPOINT WARNING * * *
The gnoll barely misses you. The gnoll hits you with a +0 halberd.
* * * LOW HITPOINT WARNING * * *
Unknown command.
You slash the gnoll!
The gnoll is almost dead.
You hit the gnoll. The gnoll hits you with a +0 whip.
* * * LOW HITPOINT WARNING * * *
The gnoll hits you with a +0 halberd!
You die...

##..# ##.##
#.#.###...########
.###.#...........# ##
##.....######.#
.###.###.## #.#
..#...#### #.#
##...## #.# ##.## #g#
#.# ##@# #.# #.g#
##'## #.## ##...##
#.# #.....##
###.##### .......##
##.......#
........####....###.#
........'........##.#
........####...#)##.#


You could see 2 gnolls.

Vanquished Creatures
  2 gnolls (D:2)
  3 ball pythons (D:1)
  A bat (D:1)
  An endoplasm (D:1)
  3 giant cockroaches (D:1)
  3 goblins
  4 hobgoblins
  4 kobolds
  3 quokkas (D:2)
  A frilled lizard (D:2)
  7 rats
32 creatures vanquished.

Vanquished Creatures (others)
  An endoplasm (D:1)
  A goblin (D:1)
2 creatures vanquished.

Grand Total: 34 creatures vanquished

Notes
Turn   | Place    | Note
-------+----------+-------------------------------------------
     0 | D:1      | chunkyMonkey the Demigod Fighter began the quest for the
                  | Orb.
     0 | D:1      | Reached XP level 1. HP: 18/18 MP: 3/3
   578 | D:1      | Reached XP level 2. HP: 25/25 MP: 4/4
  1890 | D:2      | Reached XP level 3. HP: 29/30 MP: 6/6
  2578 | D:2      | HP: 1/31 [gnoll (3)]
  2578 | D:2      | Mangled by a gnoll

Illustrated notes

Levels and vault maps discovered:
D:1:      shiori_shiawase, layout_loops_ring, chequers_ecumenical_altar_island,
          lemuel_flame_loot_1
D:2:      layout_loops_corners

Skill      XL: |  1  2  3 |
---------------+----------+-----
Axes           | 2 |  2.2
Shields        | 3 |  3.1
Armour         | 3 |  3.0
Fighting       | 3 |  3.0
Dodging        | |  0.7
Spellcasting   | |  0.6

Action                   || total
-------------------------++-------
Melee: War axe           ||    86
Armor: Scale mail        ||    31
Dodge: Dodged            ||    37
Block: Buckler           ||    23

Table legend: (Time is in decaauts)
 A = Elapsed time spent in this place.
 B = Non-inter-level travel time spent in this place.
 C = Inter-level travel time spent in this place.
 D = Time resting spent in this place.
 E = Time spent auto-exploring this place.
 F = Levels seen in this place.
 G = Mean time per level.
                   A        B        C        D        E       F      G
               +--------+--------+--------+--------+--------+-----+--------+
         Total |   2622 |   2407 |    215 |    663 |   1411 |   2 | 1311.0 |
       Dungeon |   2622 |   2407 |    215 |    663 |   1411 |   2 | 1311.0 |
               +--------+--------+--------+--------+--------+-----+--------+

Top non-repeatable levels by time:
     D:1: 1346 daAuts
     D:2: 1275 daAuts
